 Dungeon Crawl Stone Soup version 0.30-a0-1053-gbd8d5ba0ad (webtiles) character file.

Game seed: 12307693725863486445

3248 quinnr the Zephyrmancer (level 9, -3/44 HPs)
             Began as a Vine Stalker Air Elementalist on Apr 11, 2023.
             Was a Follower of Vehumet.
             Slain by a killer bee (6 damage)
             ... on level 7 of the Dungeon.
             The game lasted 00:19:53 (9425 turns).

quinnr the Zephyrmancer (VSAE)                      Turns: 9425, Time: 00:19:53

Health: -3/44      AC:  7    Str: 12    XL:     9   Next: 99%
Magic:  0/16       EV: 12    Int: 19    God:    Vehumet [*.....]
Gold:   445        SH:  0    Dex: 14    Spells: 2/16 levels left

rFire   + . .      SeeInvis .    M - staff of poison {!a}
rCold   + . .      Faith    .    (no shield)
rNeg    . . .      Spirit   +    q - +2 leather armour {rC+}
rPois   +          Reflect  .    (no helmet)
rElec   .          Rampage  .    (no cloak)
rCorr   .                        (no gloves)
Will    +....                    t - +1 pair of boots
Stlth   +++                      (no amulet)
HPRegen 1.07/turn                Z - ring of wizardry
MPRegen 0.15/turn                F - ring of protection from fire

@: very slightly contaminated
A: fangs 3, regeneration 1, magic shield, antimagic bite, no potion heal 2
a: Renounce Religion


You were on level 7 of the Dungeon.
You worshipped Vehumet.
Vehumet was aware of your devotion.
You visited 2 branches of the dungeon, and saw 9 of its levels.

You collected 445 gold pieces.


Innate Abilities, Weirdness & Mutations

You have razor-sharp teeth.
Your natural rate of healing is unusually fast.
When hurt, damage is shared between your health and your magic reserves.
Your bite disrupts and absorbs the magic of your enemies.
Potions cannot restore your health.


   Skills:
 - Level 3.0 Fighting
 + Level 0.3 Armour
 - Level 3.0 Dodging
 - Level 5.0 Stealth
 + Level 3.6 Shields
 - Level 4.0 Spellcasting
 - Level 4.0 Conjurations
 - Level 2.0 Fire Magic
 - Level 9.0 Air Magic
 - Level 3.0 Poison Magic
 - Level 4.0 Evocations


You had 2 spell levels left.
You knew the following spells:

 Your Spells              Type           Power      Damage    Failure   Level
a - Airstrike             Air            19%        2d(3-19)  1%          4
f - Foxfire               Conj/Fire      60%        2x1d7     1%          1
i - Swiftness             Air            38%        N/A       1%          3
m - Mephitic Cloud        Conj/Pois/Air  36%        N/A       2%          3
t - Static Discharge      Conj/Air       56%        2-5/arc   1%          2
z - Shock                 Conj/Air       100%       1d9       1%          1

Your spell library contained the following spells:

 Spells                   Type           Power      Damage    Failure   Level
 Kiss of Death            Conj/Necr      44%        2d8       3%          1
 Magic Dart               Conj           76%        1d6       1%          1
 Call Imp                 Summ           6%         N/A       11%         2
 Fireball                 Conj/Fire      7%         3d5       45%         5
 Summon Ice Beast         Ice/Summ       3%         N/A       52%         4
 Plasma Beam              Fire/Air       12%        2x1d25    69%         6
 Summon Mana Viper        Hex/Summ       3%         N/A       86%         5
 Starburst                Conj/Fire      7%         6d4       95%         6
 Monstrous Menagerie      Summ           1%         N/A       100%        7

Inventory:

Hand Weapons
 l - a +0 dagger of electrocution
 s - a +1 dagger of electrocution
 H - a +2 dagger of venom
Missiles
 I - 24 poisoned darts
Armour
 a - a +0 robe
 q - a +2 leather armour of cold resistance (worn)
 t - a +1 pair of boots (worn)
 L - a +0 buckler
Magical Staves
 E - a staff of earth {!a}
 M - a staff of poison (weapon) {!a}
Jewellery
 C - a ring of ice
 F - a ring of protection from fire (right hand)
 R - a ring of resist corrosion
 Z - a ring of wizardry (left hand)
Wands
 y - a wand of flame (7)
 B - a wand of polymorph (13)
Scrolls
 c - a scroll of butterflies
 e - 3 scrolls of silence {unknown}
 f - 3 scrolls of enchant armour
 g - 2 scrolls of amnesia {unknown}
 h - a scroll of poison {unknown}
 m - a scroll of noise
 n - 2 scrolls of fog {unknown}
 r - 4 scrolls of teleportation {unknown}
 v - a scroll of brand weapon {unknown}
 z - 2 scrolls of fear {unknown}
 J - a scroll of vulnerability {unknown}
Potions
 b - a potion of magic
 d - a potion of might
 i - a potion of lignification {unknown}
 k - 3 potions of heal wounds {@q2}
 o - a potion of invisibility {unknown}
 p - a potion of curing {@q1}
 u - a potion of degeneration {unknown}
 w - 3 potions of flight {unknown}
 x - 2 potions of attraction {unknown}
 A - a potion of brilliance {unknown}
 D - 2 potions of mutation
 G - a potion of cancellation
 K - a potion of ambrosia

Dungeon Overview and Level Annotations

Branches:
Dungeon (8/15)             Temple (1/1) D:7
   Lair: D:8-11

Altars:
Dithmenos
Elyvilon
Fedhas
Gozag
Sif Muna
Uskayaw
Vehumet
Xom

Annotations:
D:5 2 transporters, Newt's ghost, novice KoHu
Temple 4 transporters

####### #........# ####....#
......# #..(.....# #..#....# #
.####.# #........####.#....######
.#.)..# #........#...............
....#####........#.......########
....'...'................# #
....#####...###.###.#'##.# ####
....# #.#.#....)#.#.##.# #...
....# #.#.#..y@.#.#.##.# #.##
....# #.#.........#.##.# #.#
....# #...#.....#.#.##.# #.#
...## #...#.....#.#.##.# #.# ####
##..###.###.#.##.# #.# .#
##......)).#.##.# #.# .#
#########)#.##.# #.# ## #†#.##.#
#.# #.#.##.#####.#


You could see a killer bee.


Message History

The killer bee stings you but does no damage.
The killer bee stings you.
* * * LOW HITPOINT WARNING * * *
The killer bee barely misses you. The killer bee misses you.
Unknown command.
Your system rejects the healing.
You feel better. The killer bee barely misses you.
The killer bee closely misses you. The killer bee completely misses you.
The killer bee misses you.
Unknown command.
As you read the scroll labelled NUSTIULLUO, it crumbles to dust.
You feel momentarily disoriented.
It was a scroll of magic mapping.
The killer bee closely misses you. The killer bee stings you.
* * * LOW HITPOINT WARNING * * *
The killer bee completely misses you. x2
Casting: Static Discharge (safe; 1% risk of failure)
Confirm with . or Enter, or press ? or * to list all spells.
Aiming: Shock (safe; 1% risk of failure)
Press: ? - help, Shift-Dir - straight line, p - killer bee The zap misses the killer bee.
The zap hits the killer bee.
You kill the killer bee!
Vehumet accepts your kill. The killer bee stings you.
* * * LOW HITPOINT WARNING * * *
You are lethally poisoned!
The killer bee poisons you!
The killer bee stings you but does no damage.
Unknown command.
Unknown command.
Your system rejects the healing.
You feel better. The killer bee stings you.
You die...

Skill      XL: |  1  2  3  4  5  6  7  8  9 |
---------------+----------------------------+-----
Air Magic      | 4 5 6 8 9 |  9.0
Fire Magic     | 1 2 |  2.0
Fighting       | 1 2 3 |  3.0
Dodging        | 2 3 |  3.0
Stealth        | 3 4 5 |  5.0
Conjurations   | 2 4 |  4.0
Spellcasting   | 3 4 |  4.0
Evocations     | 1 4 |  4.0
Shields        | 3 |  3.6
Poison Magic   | 3 |  3.0
Armour         | |  0.3

Action                     |  1- 3 |  4- 6 |  7- 9 || total
---------------------------+-------+-------+-------++-------
  Melee: Unarmed           |     3 |       |       ||     3
         Dagger            |       |    21 |    24 ||    45
         Bite              |       |    10 |     3 ||    13
         Punch             |       |     1 |       ||     1
   Cast: Shock             |    70 |   104 |    81 ||   255
         Foxfire           |       |     4 |     4 ||     8
         Airstrike         |       |     5 |    46 ||    51
         Static Discharge  |       |       |     7 ||     7
         Mephitic Cloud    |       |       |     2 ||     2
  Evoke: Wand              |       |     1 |    10 ||    11
    Use: Scroll            |       |       |     9 ||     9
         Potion            |       |       |     2 ||     2
   Stab: Paralysed         |       |     2 |     4 ||     6
 Armour: Robe              |     1 |    10 |    12 ||    23
         Leather armour    |       |       |     3 ||     3
  Dodge: Dodged            |     9 |    29 |    59 ||    97

Levels and vault maps discovered:
D:1:      dpeg_arrival_fog, layout_loops_cross
D:2:      layout_basic, basic_altar
D:3:      kb_forest_paths, layout_loops_cross,
          dreamdust_ecumenical_altar_angels_and_demons, uniq_terence
D:4:      layout_layer_cave, mainiacjoe_overflow_alcove_4, hex_large,
          minmay_between, uniq_blork_the_orc
D:5:      layout_loops_ring, gammafunk_ghost_hive
D:6:      layout_basic, uniq_sigmund
D:7:      layout_basic, fedhas_bush_and_centaur_altar, old_standard_altar,
          temple_statues, st_stairs_3, minmay_joined_circles, uniq_pikel
D:8:      layout_cave_pools, kennysheep_nondescript, nicolae_titane
Temple:   hellmonk_temple_divided_pantheon

Notes
Turn   | Place    | Note
-------+----------+-------------------------------------------
     0 | D:1      | quinnr the Vine Stalker Air Elementalist began the quest
                  | for the Orb.
     0 | D:1      | Reached XP level 1. HP: 9/9 MP: 4/4
   391 | D:1      | Reached XP level 2. HP: 4/13 MP: 0/6
  1068 | D:2      | Reached skill level 4 in Air Magic
  1068 | D:2      | Reached XP level 3. HP: 10/16 MP: 1/7
  1700 | D:2      | Found an opulent altar of Gozag.
  1736 | D:2      | Gained mutation: Your natural rate of healing is unusually
                  | fast. [Vine Stalker growth]
  1736 | D:2      | Reached XP level 4. HP: 21/21 MP: 5/8
  1964 | D:2      | Learned a level 1 spell: Foxfire
  2835 | D:3      | Noticed Terence
  2842 | D:3      | Learned a level 4 spell: Airstrike
  2860 | D:3      | Killed Terence
  2861 | D:3      | Reached skill level 1 in Fire Magic
  2861 | D:3      | Reached skill level 5 in Air Magic
  2861 | D:3      | Reached XP level 5. HP: 21/24 MP: 4/9
  3680 | D:4      | Reached skill level 1 in Fighting
  3839 | D:4      | Noticed Blork the orc
  3844 | D:4      | Killed Blork the orc
  3845 | D:4      | Reached skill level 2 in Dodging
  3845 | D:4      | Reached skill level 3 in Stealth
  3845 | D:4      | Reached skill level 2 in Conjurations
  3845 | D:4      | Reached XP level 6. HP: 22/30 MP: 1/11
  4336 | D:4      | Found a radiant altar of Vehumet.
  4393 | D:4      | Became a worshipper of Vehumet
  4561 | D:5      | Entered Level 5 of the Dungeon
  4709 | D:4      | Reached skill level 3 in Spellcasting
  4709 | D:4      | Reached skill level 2 in Fire Magic
  4777 | D:5      | Noticed a black bear
  4780 | D:5      | Killed a black bear
  4781 | D:5      | Reached XP level 7. HP: 34/34 MP: 2/12
  4790 | D:5      | Reached skill level 2 in Fighting
  4904 | D:5      | Reached skill level 4 in Stealth
  5212 | D:5      | Learned a level 2 spell: Static Discharge
  5216 | D:5      | Learned a level 3 spell: Swiftness
  5320 | D:5      | Reached skill level 3 in Dodging
  5410 | D:5      | Found a transporter.
  5410 | D:5      | Found a transporter.
  5525 | D:5      | Noticed Newt's ghost (novice KoHu)
  5738 | D:6      | Reached skill level 6 in Air Magic
  5738 | D:6      | Reached skill level 1 in Evocations
  5745 | D:6      | Gained mutation: You have razor-sharp teeth. [Vine Stalker
                  | growth]
  5745 | D:6      | Reached XP level 8. HP: 39/39 MP: 3/13
  5758 | D:6      | Reached skill level 3 in Fighting
  5758 | D:6      | Reached skill level 5 in Stealth
  5969 | D:6      | Noticed Sigmund
  6083 | D:6      | Reached skill level 2 in Evocations
  6181 | D:6      | Killed Sigmund
  6572 | D:6      | Reached skill level 7 in Air Magic
  6572 | D:6      | Reached skill level 3 in Evocations
  6819 | D:7      | Noticed Pikel
  6833 | D:6      | Killed Pikel
  6834 | D:6      | Reached skill level 4 in Spellcasting
  6834 | D:6      | Reached skill level 8 in Air Magic
  6834 | D:6      | Reached skill level 4 in Evocations
  6834 | D:6      | Reached XP level 9. HP: 17/44 MP: 0/16
  6940 | D:6      | Learned a level 3 spell: Mephitic Cloud
  7042 | D:7      | Found a staircase to the Ecumenical Temple.
  7049 | Temple   | Entered the Ecumenical Temple
  7049 | Temple   | Found a transporter.
  7049 | Temple   | Found a transporter.
  7051 | Temple   | Found a transporter.
  7051 | Temple   | Found a transporter.
  7519 | D:7      | Found a blossoming altar of Fedhas.
  7844 | D:7      | Found a shadowy altar of Dithmenos.
  7846 | D:7      | Reached * piety under Vehumet
  7846 | D:7      | Offered knowledge of Kiss of Death by Vehumet.
  8254 | D:7      | Reached skill level 9 in Air Magic
  8261 | D:7      | Reached skill level 1 in Shields
  8261 | D:7      | Reached skill level 1 in Poison Magic
  8581 | D:7      | Reached skill level 3 in Conjurations
  8581 | D:7      | Reached skill level 2 in Poison Magic
  8584 | D:7      | Reached skill level 2 in Shields
  8913 | D:8      | Reached skill level 3 in Poison Magic
  8914 | D:8      | Reached skill level 4 in Conjurations
  9005 | D:8      | Reached skill level 3 in Shields
  9424 | D:7      | HP: 2/44 [killer bee (5)]
  9425 | D:7      | Slain by a killer bee

Vanquished Creatures
  Pikel (D:6)
  Sigmund (D:6)
  A water moccasin (D:7)
  An orc warrior (D:7)
  2 black bears
  2 ogres
  3 centaurs (D:7)
  2 lemures
  2 phantoms
  Blork the orc (D:4)
  3 kobold brigands (D:7)
  2 bullfrogs
  6 scorpions
  5 wights
  2 killer bees (D:7)
  A howler monkey (D:7)
  3 orc priests
  2 hounds (D:5)
  A gnoll bouda (D:8)
  3 sleepcaps
  Terence (D:3)
  An iguana (D:6)
  An orc wizard (D:5)
  7 adders
  3 gnolls
  3 shadow imps
  A white imp (D:5)
  An ufetubus (D:6)
  22 orcs
  2 bats
  4 endoplasms
  3 giant cockroaches
  8 goblins
  5 hobgoblins
  3 jackals (D:1)
  2 quokkas (D:2)
  9 ball pythons
  2 frilled lizards
  9 kobolds
  3 rats
134 creatures vanquished.

Vanquished Creatures (others)
  13 foxfires
13 creatures vanquished.

Grand Total: 147 creatures vanquished

Table legend: (Time is in decaauts)
 A = Elapsed time spent in this place.
 B = Non-inter-level travel time spent in this place.
 C = Inter-level travel time spent in this place.
 D = Time resting spent in this place.
 E = Time spent auto-exploring this place.
 F = Levels seen in this place.
 G = Mean time per level.
                   A        B        C        D        E       F      G
               +--------+--------+--------+--------+--------+-----+--------+
         Total |   9441 |   9048 |    393 |   1443 |   6436 |   9 | 1049.0 |
       Dungeon |   9433 |   9040 |    393 |   1443 |   6435 |   8 | 1179.1 |
        Temple |      7 |      7 |      0 |      0 |      1 |   1 |    7.0 |
               +--------+--------+--------+--------+--------+-----+--------+

Top non-repeatable levels by time:
     D:7: 1853 daAuts
     D:6: 1702 daAuts
     D:4: 1677 daAuts
     D:2: 1495 daAuts
     D:1: 967 daAuts
     D:5: 951 daAuts
     D:3: 640 daAuts
     D:8: 145 daAuts
  Temple: 7 daAuts

Table legend:
 A = Non-vault XP
 B = Vault XP
 C = Vault XP percentage of total XP
 D = Non-vault monster count
 E = Vault monster count
 F = Vault count percentage of total count
                 A         B        C        D         E       F
            +---------+---------+-------+---------+---------+-------
      Total |    2216 |    2424 |  52.2 |     100 |      32 |  24.2
            +---------+---------+-------+---------+---------+-------
        D:1 |      22 |       0 |   0.0 |      14 |       0 |   0.0
        D:2 |      72 |       0 |   0.0 |      20 |       0 |   0.0
        D:3 |      19 |      71 |  78.9 |       7 |       7 |  50.0
        D:4 |     204 |     107 |  34.4 |      11 |       7 |  38.9
        D:5 |     610 |       0 |   0.0 |      13 |       0 |   0.0
        D:6 |     541 |     959 |  63.9 |      12 |       3 |  20.0
        D:7 |     379 |    1287 |  77.3 |      11 |      15 |  57.7
        D:8 |     369 |       0 |   0.0 |      12 |       0 |   0.0
            +---------+---------+-------+---------+---------+-------
